 Dungeon Crawl Stone Soup version 0.18.1-8-gdd0e5ea (webtiles) character file.

42 tscho the Insei (level 3, -10/26 HPs)
             Began as a Merfolk Transmuter on June 12, 2016.
             Was an Initiate of Nemelex Xobeh.
             Mangled by Iruxoaxt the merfolk
             ... wielding a +1 trident of protection
             ... created by the player character
              (15 damage)
             ... on level 2 of the Dungeon.
             The game lasted 00:06:12 (1770 turns).

tscho the Insei (Merfolk Transmuter)                Turns: 1770, Time: 00:06:13

Health: -10/26     AC:  5    Str: 10    XL:     3   Next: 54%
Magic:  6/6        EV: 13    Int: 12    God:    Nemelex Xobeh [......]
Gold:   76         SH:  0    Dex: 15    Spells: 2 memorised, 3 levels left

rFire  . . .     SeeInvis .       - Unarmed
rCold  . . .     Gourm    .     b - +0 robe
rNeg   . . .     Faith    .     (no shield)
rPois  .         Spirit   .     (no helmet)
rElec  .         Dismiss  .     (no cloak)
rCorr  .         Reflect  .     g - +2 pair of gloves
SustAt .         Harm     .     (no boots)
MR     .....                    (no amulet)
Stlth  +.........               (no ring)
                                (no ring)

@: not resistant to hostile enchantments, very unstealthy
A: change form in water, swift swim
a: Renounce Religion


You were on level 2 of the Dungeon.
You worshipped Nemelex Xobeh.
Nemelex Xobeh was noncommittal.
You were not hungry.

You visited 1 branch of the dungeon, and saw 2 of its levels.

You collected 76 gold pieces.

Inventory:

Missiles
 a - 58 arrows (quivered)
Armour
 b - a +0 robe (worn)
 g - a +2 pair of gloves (worn)
Jewellery
 j - an uncursed amulet of magic regeneration {unknown}
Scrolls
 e - 3 scrolls of enchant armour {unknown}
 f - 3 scrolls of identify {unknown}
 h - 2 scrolls of magic mapping {unknown}
 i - a scroll of remove curse {unknown}
 m - a scroll of blinking {unknown}
Books
 c - a book of Changes

   Spells                             Type                      Level
   a - Beastly Appendage              Transmutation                1
   b - Sticks to Snakes               Transmutation                2
   c - Spider Form                    Transmutation/Poison         3
   d - Ice Form                       Ice/Transmutation            4
   e - Blade Hands                    Transmutation                5
Miscellaneous
 l - a plain deck of wonders {drawn: 2}
 n - an ornate deck of destruction
Comestibles
 d - 5 bread rations
 k - 2 chunks of flesh


   Skills:
 - Level 1.1 Fighting
 - Level 2.6 Dodging
 + Level 4.9 Unarmed Combat
 - Level 2.0 Spellcasting
 - Level 2.6 Transmutations


You had 3 spell levels left.
You knew the following spells:

 Your Spells              Type           Power        Failure   Level  Hunger
a - Beastly Appendage     Trmt           #.....       12%         1    ##.....
b - Sticks to Snakes      Trmt           #.......     14%         2    ###....


Dungeon Overview and Level Annotations

Branches:
Dungeon (2/15)

Altars:
Nemelex Xobeh

Annotations:
D:2 Terence


Message History

Your horns disappear.
You now have 67 gold pieces (gained 15).
You now have 76 gold pieces (gained 9).
Terence shouts!
Terence is too close now for your liking.
Evoke which item? (* to show all) (? for menu, Esc to quit)
You draw a card...
It is the Mercenary.
This is a plain deck of wonders {drawn: 2}.
You cannot afford Iruxoaxt's fee of 322 gold!
Iruxoaxt attacks!
Iruxoaxt the merfolk comes into view. It is wielding a trident of protection.
Iruxoaxt barely misses you.
Terence says, "Don't bother to defend, it's useless."
Iruxoaxt hits you from afar with a trident of protection!!
Ouch! That really hurt!
* * * LOW HITPOINT WARNING * * *
Iruxoaxt hits you from afar with a trident of protection!
Ouch! That really hurt!
You die...
Your body disappears without a glow.

#.###...#
#.♣#♣#♣.♣#♣
#.#.......#
#.♣.♣.♣.♣.♣
#.........#
#@♣.♣.♣.♣.♣
#.#.....m@#
##.♣.♣.♣.♣.♣
#......@...#
#..♣.♣.♣#♣#♣
#.......#
#.......#
#.......#
#.......#
#.......####
#.......#..#
###..........#
#####


You could see Iruxoaxt the merfolk and Terence.

Vanquished Creatures
  A worm (D:2)
  5 giant geckos
  2 giant cockroaches (D:2)
  3 goblins
  3 hobgoblins (D:1)
  4 jackals (D:1)
  2 kobolds (D:1)
  A quokka (D:2)
  4 bats
  2 giant newts
  4 rats (D:1)
31 creatures vanquished.

Notes
Turn   | Place    | Note
--------------------------------------------------------------
     0 | D:1      | tscho the Merfolk Transmuter began the quest for the Orb.
     0 | D:1      | Reached XP level 1. HP: 15/15 MP: 3/3
   355 | D:1      | Reached XP level 2. HP: 20/21 MP: 5/5
   369 | D:1      | Reached skill level 4 in Unarmed Combat
   797 | D:1      | Reached XP level 3. HP: 20/26 MP: 4/6
  1001 | D:2      | Noticed Terence
  1225 | D:2      | Found a sparkling altar of Nemelex Xobeh.
  1237 | D:1      | Learned a level 2 spell: Sticks to Snakes
  1245 | D:2      | Became a worshipper of Nemelex Xobeh the Trickster
  1264 | D:2      | Noticed Toukono
  1682 | D:2      | Received a gift from Nemelex Xobeh
  1742 | D:2      | Noticed Iruxoaxt
  1770 | D:2      | Mangled by Iruxoaxt the merfolk

Skill      XL: |  1  2 |
---------------+-------+-----
Unarmed Combat | 4 |  4.9
Fighting       | |  1.1
Dodging        | |  2.6
Spellcasting   | |  2.0
Transmutations | |  2.6

Action                   || total
-------------------------++-------
Melee: Unarmed           ||    92
       Headbutt          ||    11
       Punch             ||     2
 Cast: Beastly Appendage ||    14
Evoke: Deck              ||     2
  Eat: Chunk             ||     3
Armor: Robe              ||    45
Dodge: Dodged            ||   107
